AoeStats
← 沒起房子我日

Nomad

507405866Analyzed
4v4 RM · 14d ago on Sep 18, 2026· 47m 17s· 8 players
Game mode
Random Map
Map size
231×231
Population
200
Speed
Normal
Resources
Standard
Victory
Conquest
Starting age
Dark Age
Ending age
Imperial Age
RankedLock teamsTeams togetherTeam positionsShared explorationLock speedFull tech treeHidden civsTurbo modeCheats
Victory
Defeat
🇨🇴 Goths · Colombia
1414
+15
🇹🇼 Mongols · Taiwan
1407
+16
🇺🇸 Armenians · United States
1404
+16
🇻🇳 Persians · Vietnam
1329
+19
🇦🇷 Maya · Argentina
1440
-18
🇹🇼 Japanese · Taiwan
1434
-18
🇺🇸 Spanish · United States
1390
-16
🇵🇦 Persians · Panama
1328
-14
Dusk_
3:08 Loom
13:01 Feudal Age
13:45 Double-Bit Axe
14:19 Town Watch
18:38 Fletching
22:17 Castle Age
24:13 Medium Warships
24:53 Bow Saw
24:35 Gold Mining
31:57 Forging
31:47 Scale Mail Armor
33:24 Clinker Construction
33:25 Careening
33:21 Siphons
34:18 Redemption
35:58 Wheelbarrow
35:05 Horse Collar
35:15 Fishing Lines
38:59 Imperial Age
37:27 Stone Mining
39:24 Caravan
39:44 Bodkin Arrow
40:25 Iron Casting
39:50 Padded Archer Armor
40:55 Conscription
41:23 Ballistics
42:04 Chemistry
44:46 Gold Shaft Mining
45:08 Chain Mail Armor
45:53 Blast Furnace
44:16 Man-at-Arms
45:05 Fereters
45:09 Cilician Fleet
45:37 Long Swordsman
46:59 Plate Mail Armor
46:19 Gambesons
46:35 Squires
46:21 Arson
46:41 Two-Handed Swordsman
沒起房子我日
13:43 Feudal Age
13:48 Loom
17:56 Castle Age
18:03 Double-Bit Axe
19:39 Medium Warships
22:52 Bow Saw
23:30 Town Watch
24:31 Fletching
24:50 Horse Collar
27:23 Gold Mining
28:02 Bodkin Arrow
30:44 Wheelbarrow
31:11 Stone Mining
31:46 Padded Archer Armor
33:39 Leather Archer Armor
36:39 Imperial Age
34:44 Bloodlines
35:21 Ballistics
35:44 Husbandry
36:23 Hand Cart
36:45 Gold Shaft Mining
37:21 Stone Shaft Mining
37:29 Thumb Ring
37:50 Parthian Tactics
37:30 Bracer
38:21 Conscription
38:54 Elite Mangudai
45:12 Chemistry
MZTK | KaLiuM
6:26 Loom
12:15 Feudal Age
15:23 Double-Bit Axe
19:51 Castle Age
17:43 Horse Collar
18:29 Gold Mining
18:35 Stone Mining
20:40 Wheelbarrow
20:33 Town Watch
23:56 Scale Mail Armor
26:35 Chain Mail Armor
27:02 Bow Saw
31:27 Heavy Plow
38:05 Imperial Age
36:01 Hand Cart
37:00 Anarchy
38:06 Elite Huskarl
39:05 Forging
39:24 Perfusion
40:12 Squires
41:35 Iron Casting
41:23 Conscription
43:12 Two-Man Saw
43:43 Blast Furnace
45:03 Town Patrol
bina
12:00 Feudal Age
11:47 Loom
16:13 Double-Bit Axe
16:28 Horse Collar
20:03 Castle Age
18:19 Gold Mining
19:03 Scale Barding Armor
19:10 Bloodlines
19:56 Forging
21:19 Iron Casting
21:10 Chain Barding Armor
22:16 Husbandry
24:58 Fishing Lines
25:34 Stone Mining
29:07 Wheelbarrow
29:09 Iron Casting
29:50 Bow Saw
29:32 Fletching
33:20 Heavy Plow
34:01 Fervor
33:28 Light Cavalry
37:17 Padded Archer Armor
39:08 Gillnets
42:35 Imperial Age
41:36 Hand Cart
42:24 Town Watch
42:39 Bodkin Arrow
42:14 Cavalier
43:48 Plate Barding Armor
44:44 Blast Furnace
45:12 Two-Man Saw
44:44 Crop Rotation
44:42 Citadels
44:05 Savar
45:37 Padded Archer Armor
46:19 Conscription
46:07 Sappers
46:14 Sappers
偷偷
4:50 Loom
13:08 Feudal Age
13:49 Double-Bit Axe
13:46 Horse Collar
17:55 Gold Mining
21:35 Castle Age
21:34 Forging
21:27 Stone Mining
25:20 Wheelbarrow
25:58 Fishing Lines
35:00 Bow Saw
36:56 Hand Cart
38:41 Town Watch
iphonze
7:35 Loom
13:14 Feudal Age
18:14 Double-Bit Axe
23:54 Castle Age
22:24 Gold Mining
24:40 Medium Warships
25:05 Bow Saw
29:47 Wheelbarrow
30:28 Demolition Ship
31:48 Fishing Lines
37:10 Hand Cart
37:50 Scale Barding Armor
37:55 Forging
38:17 Bloodlines
38:08 Husbandry
39:45 Chain Barding Armor
40:01 Iron Casting
43:35 Imperial Age
42:18 Light Cavalry
44:34 Plate Barding Armor
44:26 Conscription
44:13 Hussar
Returned_Legend
5:10 Loom
12:46 Feudal Age
13:15 Double-Bit Axe
13:21 Town Watch
16:57 Wheelbarrow
18:30 Horse Collar
23:46 Castle Age
21:50 Stone Mining
21:51 Gold Mining
24:51 Hand Cart
24:48 Bow Saw
24:40 Heavy Plow
26:23 Padded Archer Armor
40:54 Leather Archer Armor
50:13 Imperial Age
fassu
3:58 Loom
13:08 Feudal Age
17:25 Castle Age
18:16 Medium Warships
17:52 Double-Bit Axe
22:24 Bow Saw
22:18 Fletching
26:28 Bodkin Arrow
27:48 Padded Archer Armor
27:55 Gold Mining
29:35 Ballistics
30:54 Leather Archer Armor
35:51 Horse Collar
38:59 Imperial Age
38:23 Stone Mining
40:08 Conscription
40:54 Chemistry
39:55 Bracer
39:25 Elite Plumed Archer
42:10 Ring Archer Armor
42:53 Bow Saw
45:12 Thumb Ring
46:32 Masonry
Connection lost

Rejoining the realm…

Still unreachable

The connection could not be restored.

Session expired

The server has moved on; the page needs a fresh start.